 Dungeon Crawl Stone Soup version 0.31-a0-233-g139696dc86 (webtiles) character file.

Game seed: 14469263337977658317

6399 qw the Skirmisher (level 10, -1/91 HPs)
             Began as a Minotaur Hexslinger on July 8, 2023.
             Was a Believer of Okawaru.
             Slain by a yak (2 damage)
             ... on level 9 of the Dungeon.
             The game lasted 00:03:41 (8643 turns).

qw the Skirmisher (Minotaur Hexslinger)             Turns: 8643, Time: 00:03:42

Health: -1/91      AC: 11    Str: 13    XL:     10   Next: 66%
Magic:  12/12      EV: 16    Int: 10    God:    Okawaru [**....]
Gold:   395        SH:  0    Dex: 17    Spells: 10/11 levels left

rFire   . . .        Y - +2 orcbow (flame)
rCold   + . .        (shield currently unavailable)
rNeg    . . .        c - +1 ring mail {rC+}
rPois   .            (helmet restricted)
rElec   .            (no cloak)
rCorr   .            g - +0 pair of gloves
SInv    .            h - +1 pair of boots
Will    .....        (no amulet)
Stlth   ++           (no ring)
HPRegen 0.35/turn    (no ring)
MPRegen 0.13/turn

%: no passive effects
@: heroic
A: horns 2, retaliatory headbutt
a: Renounce Religion, Heroism


You were on level 9 of the Dungeon.
You worshipped Okawaru.
Okawaru was pleased with you.
You visited 2 branches of the dungeon, and saw 10 of its levels.
You also visited: Sewer.

You collected 635 gold pieces.
You spent 240 gold pieces at shops.


Innate Abilities, Weirdness & Mutations

You have a pair of horns on your head.
You reflexively headbutt those who attack you in melee.


   Skills:
 - Level 9.0(14.0) Fighting
 + Level 13.8(18.8) Ranged Weapons
 - Level 4.0(9.0) Armour
 - Level 5.2(10.2) Dodging
 - Level 1.0 Spellcasting
 - Level 2.0 Hexes
 - Level 4.1 Invocations


You had 10 spell levels left.
You knew the following spells:

 Your Spells              Type           Power      Damage    Failure   Level
a - Slow                  Hex            16%        N/A       28%         1

Your spell library contained the following spells:

 Spells                   Type           Power      Damage    Failure   Level
 Inner Flame              Hex/Fire       2%         N/A       77%         3
 Portal Projectile        Hex/Tloc       4%         N/A       77%         3
 Cause Fear               Hex            2%         N/A       95%         4

Inventory:

Hand Weapons
 Y - a +2 orcbow of flaming (weapon)
Armour
 c - a +1 ring mail of cold resistance (worn)
 g - a +0 pair of gloves (worn)
 h - a +1 pair of boots (worn)
 i - +0 steam dragon scales
Scrolls
 a - 5 scrolls of identify
Potions
 d - a potion of might
 e - 4 potions of curing
 f - a potion of haste

Dungeon Overview and Level Annotations

Branches:
Dungeon (9/15)             Temple (1/1) D:6           Sewer (visited)
   Lair: D:8-11         Orc: D:9-12

Altars:
Ashenzari
Cheibriados
Dithmenos
Elyvilon
Fedhas
Gozag
Kikubaaqudgha
Makhleb
Okawaru
Qazlal
Ru
Sif Muna
Trog
Uskayaw
Vehumet
Wu Jian
Xom
Yredelemnul
Zin
The Shining One

Shops:
D:5 !([*=   D:7 (

Annotations:
D:6 3 runed translucent doors, qw's ghost, novice MiHs


Message History

Okawaru accepts your kill. The yak barely misses you. The yak gores you! x2
You shoot an arrow. The arrow hits the yak.
The arrow burns the yak.
The yak is heavily wounded.
The yak barely misses you. You furiously retaliate!
You headbutt the yak! The yak closely misses you.
The yak gores you but does no damage.
You shoot an arrow. The arrow completely misses the yak.
The yak barely misses you. The yak gores you. The yak closely misses you.
You shoot an arrow. The arrow hits the yak!
The arrow burns the yak.
The yak is severely wounded.
The yak gores you! The yak gores you. The yak misses you.
8634 ||| DRINKING potion of heal wounds.
You feel much better. The yak gores you. The yak closely misses you.
The yak barely misses you.
You shoot an arrow.
The arrow hits the yak but does no damage.
The yak is severely wounded.
You shoot an arrow. The arrow closely misses the yak.
The yak gores you! The yak gores you. The yak gores you!
You shoot an arrow. The arrow hits the yak!
The arrow burns the yak.
You kill the yak!
Okawaru accepts your kill. The yak misses you. x2
You shoot an arrow. The arrow barely misses the yak.
The yak closely misses you. The yak gores you!
You shoot an arrow. The arrow hits the yak!
The arrow burns the yak.
The yak is severely wounded.
The yak barely misses you. The yak gores you but does no damage.
You shoot an arrow. The arrow hits the yak.
The arrow burns the yak.
The yak is almost dead.
You shoot an arrow. The arrow hits the yak!
The arrow burns the yak.
You kill the yak!
Okawaru accepts your kill. The yak completely misses you.
You furiously retaliate!
You headbutt the yak. You shoot an arrow. The arrow barely misses the yak.
The yak gores you.
You shoot an arrow. The arrow hits the yak.
The arrow burns the yak.
The yak is lightly wounded.
The yak gores you.
You die...

#.... ###### ###....
..... ....... ....
....>.. #[.. ######.
#... #. #... #.
#..Y################.
#...@................
......%%................
.......#################
######. #. #. #. #.


You could see a yak.

Vanquished Creatures
  A troll (D:9)
  A hornet (D:8)
  Sigmund (D:3)
  A wyvern (D:8)
  A wraith (D:9)
  10 yaks (D:9)
  A steam dragon (D:8)
  5 water moccasins
  3 orc warriors
  2 black bears
  2 centaurs
  4 phantoms
  3 bullfrogs
  5 scorpions
  4 wights (D:8)
  7 killer bees
  4 howler monkeys
  3 gnoll boudas
  A hound (D:5)
  3 jellies
  4 orc priests
  6 iguanas
  3 sleepcaps
  14 orc wizards
  A mummy (D:5)
  12 gnolls
  12 adders
  A river rat (D:3)
  A shadow imp (D:6)
  2 worms
  6 dart slugs
  36 orcs
  11 ball pythons
  10 endoplasms
  12 giant cockroaches
  6 goblins
  4 hobgoblins
  5 kobolds
  13 quokkas
  3 bats
  13 frilled lizards
  15 rats
252 creatures vanquished.

Notes
Turn   | Place    | Note
-------+----------+-------------------------------------------
     0 | D:1      | qw the Minotaur Hexslinger began the quest for the Orb.
     0 | D:1      | Reached XP level 1. HP: 16/16 MP: 1/1
     0 | D:1      | 0 ||| qw: Version: 0.3-a-46-gb1f654a
     0 | D:1      | 0 ||| qw: Game counter: 3541
     0 | D:1      | 0 ||| qw: Melee chars always use a shield: true
     0 | D:1      | 0 ||| qw: God list: Okawaru
     0 | D:1      | 0 ||| qw: Allow faded altars: false
     0 | D:1      | 0 ||| qw: Do Orc after clearing Dungeon:15 true
     0 | D:1      | 0 ||| qw: Do second Lair branch before Depths: true
     0 | D:1      | 0 ||| qw: Lair rune preference: random
     0 | D:1      | 0 ||| qw: Goals: Normal
     0 | D:1      | 0 ||| PLANNING D:1-11
    76 | D:1      | Reached skill level 3 in Ranged Weapons
    84 | D:1      | Reached XP level 2. HP: 23/23 MP: 2/2
   673 | D:1      | 673 ||| UPGRADING to +0 pair of gloves.
   678 | D:1      | 678 ||| DROPPING ring of magical power.
   679 | D:1      | 679 ||| READING scroll labelled PEOLLA LIEKKAC.
   680 | D:1      | 680 ||| READING scroll labelled WUASKAD JAE.
   681 | D:1      | 681 ||| READING scroll labelled NICELEHIPOCE.
   682 | D:1      | 682 ||| READING scroll labelled SUN XUECUONUEQ.
   683 | D:1      | 683 ||| READING scroll labelled GAMINI UFIA.
   684 | D:1      | 684 ||| DRINKING 3 inky potions.
   685 | D:1      | 685 ||| DROPPING scroll of poison.
   686 | D:1      | 686 ||| DROPPING 2 potions of brilliance.
   746 | D:2      | Reached XP level 3. HP: 29/29 MP: 3/3
   870 | D:2      | Reached skill level 4 in Ranged Weapons
  1420 | D:2      | 1420 ||| UPGRADING to +0 ring mail.
  1430 | D:2      | 1430 ||| DROPPING +0 robe.
  1431 | D:2      | 1431 ||| READING scroll labelled QAALAH SADD.
  1435 | D:2      | 1435 ||| READING scroll labelled DOOMUSKOSAI.
  1450 | D:3      | 1450 ||| PLANNING SEWER
  1453 | D:3      | 1453 ||| STAIRDANCE
  1456 | D:2      | Reached XP level 4. HP: 32/36 MP: 4/4
  1520 | D:3      | Found a glowing golden altar of the Shining One.
  1563 | D:3      | Reached skill level 1 in Armour
  1591 | D:3      | Noticed a black bear
  1594 | D:3      | Noticed Sigmund
  1598 | D:3      | Killed a black bear
  1599 | D:3      | Reached skill level 5 in Ranged Weapons
  1599 | D:3      | Reached XP level 5. HP: 27/41 MP: 5/5
  1603 | D:3      | HP: 9/41 [something/puff of flame (7)]
  1604 | D:3      | Killed Sigmund
  1605 | D:3      | Reached XP level 6. HP: 13/55 MP: 6/6
  1843 | D:3      | Reached skill level 6 in Ranged Weapons
  1941 | D:3      | Found a glowing drain.
  1943 | D:3      | 1943 ||| UPGRADING to +1 robe of willpower.
  1953 | D:3      | 1953 ||| UPGRADING to +1 ring mail of cold resistance.
  1963 | D:3      | 1963 ||| DROPPING +0 ring mail.
  1964 | D:3      | 1964 ||| READING 2 scrolls of identify.
  1964 | D:3      | 1964 ||| IDENTIFYING lumpy white potion
  1965 | D:3      | 1965 ||| DROPPING potion of ambrosia.
  1971 | Sewer    | Entered a sewer
  2016 | Sewer    | 2016 ||| Stepping ~*~*~tactically~*~*~ (water).
  2059 | Sewer    | 2059 ||| Stepping ~*~*~tactically~*~*~ (water).
  2141 | Sewer    | 2141 ||| Stepping ~*~*~tactically~*~*~ (water).
  2144 | Sewer    | 2144 ||| Stepping ~*~*~tactically~*~*~ (water).
  2150 | Sewer    | 2150 ||| Stepping ~*~*~tactically~*~*~ (water).
  2160 | Sewer    | 2160 ||| Stepping ~*~*~tactically~*~*~ (water).
  2171 | Sewer    | 2171 ||| Stepping ~*~*~tactically~*~*~ (water).
  2175 | Sewer    | 2175 ||| Stepping ~*~*~tactically~*~*~ (water).
  2178 | Sewer    | 2178 ||| Stepping ~*~*~tactically~*~*~ (water).
  2197 | Sewer    | 2197 ||| Stepping ~*~*~tactically~*~*~ (water).
  2229 | Sewer    | 2229 ||| Stepping ~*~*~tactically~*~*~ (water).
  2246 | Sewer    | 2246 ||| Stepping ~*~*~tactically~*~*~ (water).
  2257 | Sewer    | 2257 ||| Stepping ~*~*~tactically~*~*~ (water).
  2259 | Sewer    | 2259 ||| Stepping ~*~*~tactically~*~*~ (water).
  2264 | Sewer    | Reached skill level 7 in Ranged Weapons
  2264 | Sewer    | Reached XP level 7. HP: 50/60 MP: 7/7
  2350 | D:3      | 2350 ||| PLANNING D:1-11
  2396 | D:3      | Found a bloodstained altar of Trog.
  2750 | D:4      | Reached skill level 8 in Ranged Weapons
  2758 | D:4      | HP: 8/60 [orc priest/nerve-wracking pain (9)]
  2759 | D:4      | 2759 ||| READING scroll of teleportation.
  3513 | D:4      | 3513 ||| DRINKING 2 golden potions.
  3514 | D:4      | 3514 ||| DROPPING potion of degeneration.
  3539 | D:5      | Entered Level 5 of the Dungeon
  3539 | D:5      | Found Neodamam's Distillery.
  3542 | D:5      | 3542 ||| BUYING 2 potions of heal wounds (110 gold).
  3542 | D:5      | Bought 2 potions of heal wounds for 110 gold pieces
  3542 | D:5      | 3542 ||| BUYING potion of curing (33 gold).
  3542 | D:5      | Bought a potion of curing for 33 gold pieces
  3542 | D:5      | 3542 ||| BUYING potion of heal wounds (55 gold).
  3542 | D:5      | Bought a potion of heal wounds for 55 gold pieces
  3542 | D:5      | 3542 ||| SHOPLISTING potion of heal wounds (55 gold, have
                  | 48).
  3542 | D:5      | 3542 ||| SHOPLISTING potion of mutation (88 gold, have 48).
  3542 | D:5      | 3542 ||| SHOPLISTING potion of resistance (110 gold, have
                  | 48).
  3666 | D:5      | Reached skill level 9 in Ranged Weapons
  3672 | D:5      | Reached XP level 8. HP: 50/70 MP: 8/8
  3751 | D:5      | Found a shimmering blue altar of Sif Muna.
  3753 | D:5      | 3753 ||| DROPPING +6 ring of intelligence.
  3762 | D:5      | 3762 ||| Stepping ~*~*~tactically~*~*~ (water).
  3815 | D:5      | Reached skill level 6 in Fighting
  3879 | D:5      | HP: 17/70 [poisoned by a water moccasin]
  4101 | D:5      | Found Paupedec's Antique Armour Shoppe.
  4106 | D:5      | 4106 ||| SHOPLISTING crude leather armour (175 gold, have
                  | 94).
  4157 | D:5      | Reached skill level 10 in Ranged Weapons
  4261 | D:5      | Reached skill level 3 in Dodging
  4275 | D:5      | 4275 ||| FLEEEEING.
  4276 | D:5      | 4276 ||| FLEEEEING.
  4277 | D:5      | 4277 ||| FLEEEEING.
  4331 | D:5      | Found Buptut's General Store.
  4381 | D:5      | Found Vehuvew's Weapon Emporium.
  4567 | D:5      | 4567 ||| BUYING potion of curing (42 gold).
  4567 | D:5      | Bought a potion of curing for 42 gold pieces
  4761 | D:5      | Found Amidus's Jewellery Boutique.
  4764 | D:5      | 4764 ||| SHOPLISTING +6 ring of strength (360 gold, have
                  | 73).
  4764 | D:5      | 4764 ||| SHOPLISTING amulet "Gofi" {RegenMP Dex+7} (517
                  | gold, have 73).
  4764 | D:5      | 4764 ||| SHOPLISTING ring "Ebo Osak" {+Blink Will+ Str+3}
                  | (453 gold, have 73).
  4764 | D:5      | 4764 ||| SHOPLISTING ring "Lagek" {rElec Str+6 Dex+6 SInv
                  | Stlth-} (654 gold, have 73).
  4764 | D:5      | 4764 ||| SHOPLISTING ring of Rofredoe {Fire Str+5} (425
                  | gold, have 73).
  4764 | D:5      | 4764 ||| SHOPLISTING ring of poison resistance (200 gold,
                  | have 73).
  4925 | D:5      | Found a snail-covered altar of Cheibriados.
  5005 | D:5      | 5005 ||| UPGRADING to +1 pair of boots.
  5010 | D:5      | 5010 ||| DRINKING 2 fuming pink potions.
  5011 | D:5      | 5011 ||| READING 4 scrolls of identify.
  5011 | D:5      | 5011 ||| IDENTIFYING bubbling amethyst potion
  5012 | D:5      | 5012 ||| READING 3 scrolls of identify.
  5012 | D:5      | 5012 ||| IDENTIFYING fizzy black potion
  5013 | D:5      | 5013 ||| READING 2 scrolls of identify.
  5013 | D:5      | 5013 ||| IDENTIFYING fizzy ruby potion
  5014 | D:5      | 5014 ||| DROPPING potion of attraction.
  5015 | D:5      | 5015 ||| DROPPING potion of invisibility.
  5016 | D:5      | 5016 ||| DROPPING potion of lignification.
  5047 | D:5      | Reached skill level 3 in Armour
  5078 | D:6      | Reached XP level 9. HP: 79/79 MP: 9/9
  5095 | D:6      | Found an opulent altar of Gozag.
  5097 | D:6      | 5097 ||| Stepping ~*~*~tactically~*~*~ (outnumbered).
  5099 | D:6      | 5099 ||| Stepping ~*~*~tactically~*~*~ (outnumbered).
  5115 | D:6      | 5115 ||| FLEEEEING.
  5337 | D:6      | 5337 ||| SWAPPING to +0 shortbow.
  5338 | D:6      | 5338 ||| DROPPING +1 heavy sling.
  5364 | D:6      | Reached skill level 11 in Ranged Weapons
  5596 | D:6      | 5596 ||| FLEEEEING.
  5597 | D:6      | 5597 ||| FLEEEEING.
  5598 | D:6      | 5598 ||| FLEEEEING.
  5599 | D:6      | 5599 ||| FLEEEEING.
  5600 | D:6      | 5600 ||| FLEEEEING.
  5601 | D:6      | 5601 ||| FLEEEEING.
  5602 | D:6      | 5602 ||| FLEEEEING.
  5619 | D:6      | HP: 16/79 [something/puff of flame (8)]
  5620 | D:6      | 5620 ||| READING scroll of teleportation.
  5621 | D:6      | 5621 ||| DRINKING 4 potions of heal wounds.
  5852 | D:6      | Found a staircase to the Ecumenical Temple.
  5853 | D:6      | 5853 ||| PLANNING TEMPLE
  5858 | Temple   | Entered the Ecumenical Temple
  5864 | Temple   | 5864 ||| PLANNING OKAWARU WORSHIP
  5926 | Temple   | Became a worshipper of Warmaster Okawaru
  5927 | Temple   | 5927 ||| PLANNING D:1-11
  6113 | D:6      | Found a shadowy altar of Dithmenos.
  6203 | D:6      | Found a runed translucent gate.
  6204 | D:6      | Found a runed translucent gate.
  6206 | D:6      | Noticed qw's ghost (novice MiHs)
  6234 | D:6      | Found a runed translucent gate.
  6238 | D:6      | Noticed a kobold demonologist
  6313 | D:7      | HP: 17/79 [orc warrior/+0 battleaxe (13)]
  6314 | D:7      | 6314 ||| DRINKING 3 potions of heal wounds.
  6319 | D:7      | HP: 18/79 [orc warrior/+0 battleaxe (14)]
  6320 | D:7      | 6320 ||| DRINKING 2 potions of heal wounds.
  6430 | D:7      | 6430 ||| SWAPPING to +1 orcbow of flaming.
  6431 | D:7      | 6431 ||| DROPPING +0 shortbow.
  6445 | D:7      | Found Wisete's Weapon Boutique.
  6518 | D:7      | Found a white marble altar of Elyvilon.
  6577 | D:7      | Found a shimmering altar of Xom.
  6593 | D:7      | Reached skill level 12 in Ranged Weapons
  6597 | D:7      | HP: 7/79 [something (20)]
  6933 | D:7      | 6933 ||| Stepping ~*~*~tactically~*~*~ (outnumbered).
  6935 | D:7      | 6935 ||| Stepping ~*~*~tactically~*~*~ (outnumbered).
  6942 | D:7      | Reached * piety under Okawaru
  6943 | D:7      | 6943 ||| INVOKING Heroism.
  6944 | D:7      | 6944 ||| Stepping ~*~*~tactically~*~*~ (outnumbered).
  7294 | D:7      | 7294 ||| READING 2 scrolls labelled TUILYB BYRIE.
  7395 | D:7      | 7395 ||| DROPPING scroll of silence.
  7489 | D:8      | Reached skill level 1 in Invocations
  7578 | D:8      | 7578 ||| INVOKING Heroism.
  7585 | D:8      | Reached XP level 10. HP: 85/88 MP: 8/11
  7616 | D:8      | Reached skill level 3 in Invocations
  7630 | D:8      | Found a broken altar of Ashenzari.
  7654 | D:8      | 7654 ||| INVOKING Heroism.
  7954 | D:8      | 7954 ||| DROPPING +1 robe of willpower.
  7955 | D:8      | 7955 ||| READING scroll labelled CILEGO XYBLI.
  7956 | D:8      | 7956 ||| READING scroll labelled MIHUTA EN PUASUTZ.
  7957 | D:8      | 7957 ||| READING 6 scrolls of identify.
  7957 | D:8      | 7957 ||| IDENTIFYING white potion
  7958 | D:8      | 7958 ||| DROPPING potion of berserk rage.
  8006 | D:9      | 8006 ||| INVOKING Heroism.
  8018 | D:9      | HP: 22/88 [yak (4)]
  8019 | D:9      | 8019 ||| READING scroll of teleportation.
  8020 | D:9      | 8020 ||| DRINKING 2 potions of heal wounds.
  8030 | D:9      | 8030 ||| INVOKING Heroism.
  8031 | D:9      | HP: 17/88 [orc priest/divine providence (10)]
  8032 | D:9      | 8032 ||| DRINKING potion of heal wounds.
  8036 | D:9      | HP: 20/88 [orc priest/divine providence (15)]
  8042 | D:9      | 8042 ||| DRINKING 5 potions of curing.
  8042 | D:9      | 8042 ||| (to cure confusion)
  8042 | D:9      | HP: 18/88 [orc priest/+0 hand axe (2)]
  8043 | D:9      | HP: 7/88 [orc priest/divine providence (11)]
  8095 | D:9      | 8095 ||| INVOKING Heroism.
  8127 | D:9      | 8127 ||| INVOKING Heroism.
  8153 | D:9      | Reached skill level 13 in Ranged Weapons
  8318 | D:9      | 8318 ||| Stepping ~*~*~tactically~*~*~ (outnumbered).
  8320 | D:9      | 8320 ||| Stepping ~*~*~tactically~*~*~ (outnumbered).
  8335 | D:9      | Reached skill level 9 in Fighting
  8336 | D:9      | 8336 ||| INVOKING Heroism.
  8561 | D:9      | Found a sacrificial altar of Ru.
  8624 | D:9      | Reached ** piety under Okawaru
  8626 | D:9      | 8626 ||| INVOKING Heroism.
  8633 | D:9      | HP: 14/91 [yak (12)]
  8634 | D:9      | 8634 ||| DRINKING potion of heal wounds.
  8638 | D:9      | HP: 4/91 [yak (9)]
  8642 | D:9      | HP: 1/91 [yak (4)]
  8643 | D:9      | Slain by a yak

Levels and vault maps discovered:
D:1:      spicycebolla_arrival_xxxplode, layout_basic, item_on_display_a
D:2:      minmay_general_purpose_star, layout_basic
D:3:      layout_rooms, trog_butcher_becter, lemuel_coloured_pillars_altar,
          gup_sewer_entry_bubbles, uniq_sigmund
D:4:      layout_loops_ring
D:5:      layout_loops_ring, chei_slow_surprise, mainiacjoe_overflow_brackets,
          serial_shops, nicolae_stop_n_shop_1, nicolae_shop_peninsula,
          nicolae_shop_behind_doors, shop, nicolae_shop_window_shopping,
          kennysheep_crisscross
D:6:      layout_rooms, grunt_gozag_statues, lemuel_round_altar,
          minmay_temple_entry_hall, gammafunk_ghost_nasty_kobolds
D:7:      layout_basic, mainiacjoe_overflow_catwalk, kennysheep_mini_moat,
          serial_shops, shop
D:8:      layout_basic, lemuel_crystal_altar, minivault_10
D:9:      layout_long_grid, amcnicky_altar_gilded,
          hangedman_abyss_or_decor_slice
Temple:   eino_temple_lava

Skill      XL: |  1  2  3  4  5  6  7  8  9 10 |
---------------+-------------------------------+-----
Ranged Weapons | 3 4 5 7 9 10 12 13 | 13.8
Fighting       | 2 4 5 7 8 9 |  9.0
Armour         | 1 2 3 4 |  4.0
Dodging        | 3 5 |  5.2
Invocations    | 2 4 |  4.1
Spellcasting   | |  1.0
Hexes          | |  2.0

Action                     |  1- 3 |  4- 6 |  7- 9 | 10-12 || total
---------------------------+-------+-------+-------+-------++-------
   Fire: Sling             |   126 |   137 |   236 |       ||   499
         Shortbow          |       |       |   134 |       ||   134
         Orcbow            |       |       |    90 |   122 ||   212
 Invoke: Heroism           |       |       |     2 |     7 ||     9
    Use: Scroll            |     7 |     1 |     6 |     4 ||    18
         Potion            |     1 |       |     5 |     4 ||    10
 Armour: Robe              |     5 |       |       |       ||     5
         Ring mail         |     1 |    44 |   121 |    46 ||   212
  Dodge: Dodged            |    23 |    56 |   187 |   101 ||   367

Table legend:
 A = Non-vault XP
 B = Vault XP
 C = Vault XP percentage of total XP
 D = Non-vault monster count
 E = Vault monster count
 F = Vault count percentage of total count
                 A         B        C        D         E       F
            +---------+---------+-------+---------+---------+-------
      Total |    8543 |     599 |   6.6 |     188 |      64 |  25.4
            +---------+---------+-------+---------+---------+-------
        D:1 |      36 |       0 |   0.0 |      20 |       0 |   0.0
        D:2 |      55 |       8 |  12.7 |      15 |       5 |  25.0
        D:3 |     235 |     258 |  52.3 |      12 |      13 |  52.0
        D:4 |     394 |       0 |   0.0 |      18 |       0 |   0.0
        D:5 |    1416 |      21 |   1.5 |      30 |       1 |   3.2
        D:6 |     924 |       0 |   0.0 |      24 |       0 |   0.0
        D:7 |     989 |       0 |   0.0 |      27 |       0 |   0.0
        D:8 |    1142 |       0 |   0.0 |      13 |       0 |   0.0
        D:9 |    3352 |       0 |   0.0 |      29 |       0 |   0.0
      Sewer |       0 |     312 | 100.0 |       0 |      45 | 100.0
            +---------+---------+-------+---------+---------+-------
